 Dungeon Crawl Stone Soup version bcrawl-1.12-5-g74a5124548 (webtiles) character file.

Game seed: 6126447401419437461

644 Morbidden the Cutter (level 7, 0/47 HPs)
             Began as a Dusk Walker Fighter on June 1, 2019.
             Succumbed to an adder's poison
             ... on level 4 of the Dungeon.
             The game lasted 00:05:54 (3128 turns).

Morbidden the Cutter (Dusk Walker Fighter)          Turns: 3128, Time: 00:05:54

Health: 0/47       AC: 11    Str: 15 (18) XL:     7   Next: 27%
Magic:  2/7        EV: 13    Int:  5 (8)  God:
Gold:   183        SH:  9    Dex: 16 (18) Spells: 6/6 levels left

rFire    + + .     SeeInvis .   y - +1 dagger (venom)
rCold    + . .     Gourm    .   c - +0 shield
rNeg     . . .     Faith    .   b - +0 scale mail
rPois    +         Spirit   +   e - +0 helmet (curse)
rElec    +         Reflect  .   i - scarf {Spirit}
rCorr    +         Harm     .   (no gloves)
MR       ++...                  g - +0 pair of boots
Stlth    +++++.....             (no amulet)
HPRegen  0.15/turn              h - ring of protection from magic
MPRegen  0.10/turn              v - ring of stealth

@: agile, lethally poisoned (0 -> -4), resistant, berserk cooldown, slowed, very
slow
A: draining touch, unencumbered stealth, fangs 2, icy blue scales 1, fire
resistance 1, nightstalker 1
a: no special abilities


You were on level 4 of the Dungeon.
You were not hungry.

You visited 1 branch of the dungeon, and saw 4 of its levels.

You collected 183 gold pieces.

Inventory:

Hand Weapons
 a - a +0 rapier
 y - a +1 dagger of venom (weapon)
Armour
 b - a +0 scale mail (worn)
 c - a +0 shield (worn)
 e - a cursed +0 helmet (worn)
 g - a +0 pair of boots (worn)
 i - a scarf of spirit shield (worn)
Jewellery
 h - a ring of protection from magic (left hand)
 o - an uncursed ring of insulation
 v - a ring of stealth (right hand)
Wands
 s - a wand of iceblast (12)
Scrolls
 j - 3 scrolls of identify
 k - a scroll of blinking {unknown}
 l - a scroll of immolation {unknown}
 p - a scroll of fog
 q - 2 scrolls of enchant weapon {unknown}
 r - 3 scrolls of teleportation {unknown}
 u - 2 scrolls of remove curse {unknown}
 x - a scroll of enchant armour {unknown}
Potions
 d - a potion of might
Comestibles
 f - 4 rations {!d}
 z - 2 chunks of flesh


   Skills:
 + Level 3.9 Fighting
 + Level 5.9 Short Blades
 + Level 5.2 Armour
 + Level 2.1 Dodging
 + Level 2.8 Stealth
 + Level 4.4 Shields


You had 6 spell levels left.
You didn't know any spells.
Your spell library contained the following spells:

 Spells                   Type           Power        Failure   Level  Hunger
 Corona                   Hex            #......      100%        1    ##.....
 Ensorcelled Hibernation  Hex/Ice        #.....       100%        2    ###....
 Confuse                  Hex            #.......     100%        3    ####...
 Dazzling Spray           Conj/Hex       #.....       100%        3    ####...
 Tukima's Dance           Hex            #.......     100%        3    ####...


Dungeon Overview and Level Annotations

Branches:
Dungeon (4/12)
 Temple: D:4-7

Altars:
Lugonu
Ru
Sif Muna


Innate Abilities, Weirdness & Mutations

Your attacks drain your enemies.
You move stealthily even while encumbered by armour.
You have extremely sharp teeth.
You are slightly more attuned to the shadows.
You are partially covered in icy blue scales. (AC +2)
Your flesh is heat resistant. (rF+)


Message History

It was a potion of agility.
You feel agile all of a sudden.
* * * LOW HITPOINT WARNING * * *
You feel sick.
Unknown command.
It was a potion of mutation.
You feel extremely strange.
You feel resistant to heat.
Icy blue scales grow over part of your body.
* * * LOW HITPOINT WARNING * * *
You feel sick. You block the iguana's attack. x2
Unknown command.
It was a potion of resistance.
You feel protected.
* * * LOW HITPOINT WARNING * * *
You feel sick. The iguana barely misses you.
Unknown command.
It was a potion of degeneration.
There was something very wrong with that liquid.
You feel weakened.
You feel dopey.
You feel clumsy.
You die...

#.................#
##.................#
########..................####
#........##.............#.....
###.##########............#.....
##...# ##........#(.##....
...#############.................
.....................###...##....
################@................
#l..).##..........
##..#.##.#####.... ##††#.#
###..##.# ####...)...#
#...)....##.. #.........(.
..............


You could see an iguana.

Vanquished Creatures
  Sigmund (D:3)
  A black bear (D:4)
  2 ogres (D:4)
  An orc priest (D:3)
  Jessica (D:2)
  An orc wizard (D:3)
  A worker ant (D:4)
  3 adders
  An ooze (D:1)
  A worm (D:3)
  6 dart slugs
  2 leopard geckos
  10 orcs (D:3)
  3 ball pythons
  2 giant cockroaches
  A goblin (D:1)
  11 hobgoblins
  10 jackals
  7 kobolds
  A quokka (D:4)
  A bat (D:1)
  4 frilled lizards
  7 rats
78 creatures vanquished.

Notes
Turn   | Place    | Note
-------+----------+-------------------------------------------
     0 | D:1      | Morbidden the Dusk Walker Fighter began the quest for the
                  | Orb.
     0 | D:1      | Reached XP level 1. HP: 16/16 MP: 1/1
   185 | D:1      | Reached XP level 2. HP: 21/21 MP: 2/2
   536 | D:1      | Reached XP level 3. HP: 25/26 MP: 3/3
  1231 | D:2      | Found a sacrificial altar of Ru.
  1303 | D:2      | Noticed Jessica
  1308 | D:2      | Killed Jessica
  1308 | D:2      | Gained mutation: You are slightly more attuned to the
                  | shadows. [Dusk Walker growth]
  1308 | D:2      | Reached XP level 4. HP: 22/31 MP: 2/4
  1498 | D:2      | Found a deep blue altar of Sif Muna.
  2185 | D:3      | Reached XP level 5. HP: 25/36 MP: 5/5
  2230 | D:3      | Reached skill level 1 in Stealth
  2515 | D:3      | Found a corrupted altar of Lugonu.
  2520 | D:3      | Noticed Sigmund
  2535 | D:3      | Killed Sigmund
  2535 | D:3      | Reached skill level 5 in Short Blades
  2535 | D:3      | Reached skill level 1 in Dodging
  2535 | D:3      | Reached XP level 6. HP: 43/43 MP: 6/6
  2984 | D:4      | Reached skill level 5 in Armour
  3017 | D:4      | Reached XP level 7. HP: 37/47 MP: 4/7
  3126 | D:4      | Gained mutation: Your flesh is heat resistant. (rF+)
                  | [potion of mutation]
  3126 | D:4      | Gained mutation: You are partially covered in icy blue
                  | scales. (AC +2) [potion of mutation]
  3126 | D:4      | HP: 2/47 [poisoned by an adder]
  3128 | D:4      | Succumbed to an adder's poison

Skill      XL: |  1  2  3  4  5  6  7 |
---------------+----------------------+-----
Armour         | 4 5 |  5.2
Short Blades   | 3 4 5 |  5.9
Stealth        | 2 |  2.8
Dodging        | 1 2 |  2.1
Shields        | 4 |  4.4
Fighting       | |  3.9

Action                   |  1- 3 |  4- 6 |  7- 9 || total
-------------------------+-------+-------+-------++-------
Melee: Rapier            |    72 |    60 |       ||   132
       Bite              |     7 |     6 |     3 ||    16
       Dagger            |       |    66 |    15 ||    81
  Use: Scroll            |       |     2 |       ||     2
       Potion            |       |       |     5 ||     5
 Stab: Sleeping          |       |     4 |       ||     4
  Eat: Chunk             |     1 |     5 |     1 ||     7
Armor: Scale mail        |    20 |    60 |     8 ||    88
Dodge: Dodged            |    22 |    42 |     8 ||    72
Block: Shield            |    22 |    57 |    14 ||    93
